 Dungeon Crawl Stone Soup version 0.19-a0-1879-gd95bc26 (webtiles) character file.

108 Grim the Ruffian (level 4, -4/23 HPs)
             Began as a Vine Stalker Gladiator on Oct 14, 2016.
             Was an Initiate of Ru.
             Slain by GsBirdie's ghost (7 damage)
             ... on level 3 of the Dungeon.
             The game lasted 00:04:12 (1485 turns).

Grim the Ruffian (Vine Stalker Gladiator)           Turns: 1485, Time: 00:04:13

Health: -4/23      AC:  4    Str: 15 (18) XL:     4   Next: 87%
Magic:  0/5        EV: 18    Int:  6 (8)  God:    Ru [......]
Gold:   21         SH:  4    Dex: 19 (20) Spells: 0 memorised, 3 levels left

rFire  . . .     SeeInvis .       - Unarmed
rCold  . . .     Gourm    .     a - +0 leather armour
rNeg   . . .     Faith    .     (no shield)
rPois  .         Spirit   +     b - +0 helmet
rElec  .         Dismiss  .     (no cloak)
rCorr  .         Reflect  .     (no gloves)
MR     +....     Harm     .     (no boots)
Stlth  ++........               (no amulet)
                                (no ring)
                                (no ring)

@: agile
A: fangs 2, large bone plates 1, magic resistance 1, regeneration 1, magic
shield, antimagic bite, no device heal 3, rot immunity
a: Renounce Religion


You were on level 3 of the Dungeon.
You worshipped Ru.
Ru was noncommittal.
You were hungry.

You visited 1 branch of the dungeon, and saw 3 of its levels.

You collected 21 gold pieces.

Inventory:

Missiles
 c - 3 throwing nets (quivered)
Armour
 a - a +0 leather armour (worn)
 b - a +0 helmet (worn)
Jewellery
 n - an uncursed ring of fire {unknown}
Scrolls
 e - 3 scrolls of remove curse {unknown}
 l - a scroll of fear {unknown}
 p - a scroll of immolation {unknown}
Potions
 i - a potion of curing
 j - 2 potions of heal wounds
Comestibles
 d - a bread ration
 f - a royal jelly
 k - a meat ration
 m - a slice of pizza


   Skills:
 - Level 1.7 Fighting
 - Level 1.7 Throwing
 - Level 2.4 Dodging
 + Level 5.4 Unarmed Combat


You had 3 spell levels left.
You didn't know any spells.

Dungeon Overview and Level Annotations

Branches:
Dungeon (3/15)

Altars:
Hepliaklqana
Ru
Vehumet

Annotations:
D:3 GsBirdie's ghost, amateur MiBe


Innate Abilities, Weirdness & Mutations

You have extremely sharp teeth.
Your natural rate of healing is unusually fast.
When hurt, damage is shared between your health and your magic reserves.
Your bite disrupts and absorbs the magic of your enemies.
Potions and wands cannot restore your health.
You are immune to rotting.
You are partially covered in large bone plates. (SH +4)
You are resistant to hostile enchantments. (MR+)


Message History

You closely miss GsBirdie's ghost. You bite GsBirdie's ghost.
You drain its power.
GsBirdie's ghost is moderately damaged.
GsBirdie's ghost hits you!
* * * LOW HITPOINT WARNING * * *
It was a potion of degeneration.
There was something very wrong with that liquid.
You feel weakened.
You feel dopey.
You feel clumsy. GsBirdie's ghost misses you.
It was a potion of mutation.
You feel extremely strange.
You feel resistant to hostile enchantments.
Large bone plates grow over parts of your arms.
GsBirdie's ghost hits you.
* * * LOW HITPOINT WARNING * * *
It was a potion of curing.
That felt strangely inert.
GsBirdie's ghost closely misses you.
It was a potion of agility.
You feel agile all of a sudden. GsBirdie's ghost hits you!
You die...

# ### # ..$ ..#
.#
.....######.###.#
.....'W@........#
...).###......#
... #......# #
#.)....#
####'#######
#.......#..
#####.#.#..
#.#.##.
####.#....##


You could see GsBirdie's ghost.

Vanquished Creatures
  A scorpion (D:3)
  3 adders (D:2)
  A worm (D:2)
  A leopard gecko (D:1)
  4 bats
  A giant cockroach (D:2)
  5 goblins
  6 hobgoblins
  A ball python (D:1)
  4 frilled lizards
  3 kobolds (D:1)
  2 rats
32 creatures vanquished.

Notes
Turn   | Place    | Note
-------+----------+-------------------------------------------
     0 | D:1      | Grim the Vine Stalker Gladiator began the quest for the Orb.
     0 | D:1      | Reached XP level 1. HP: 11/11 MP: 2/2
   327 | D:1      | Reached XP level 2. HP: 15/15 MP: 3/3
   804 | D:2      | Reached skill level 4 in Unarmed Combat
   804 | D:2      | Reached XP level 3. HP: 16/18 MP: 2/4
  1081 | D:2      | Found a radiant altar of Vehumet.
  1081 | D:2      | Found a sacrificial altar of Ru.
  1091 | D:2      | Found a hazy altar of Hepliaklqana.
  1106 | D:2      | Became a worshipper of Ru the Awakened
  1331 | D:3      | Noticed a scorpion
  1345 | D:3      | Killed a scorpion
  1345 | D:3      | Reached skill level 5 in Unarmed Combat
  1345 | D:3      | Gained mutation: Your natural rate of healing is unusually fast. [Vine Stalker growth]
  1345 | D:3      | Reached XP level 4. HP: 14/23 MP: 5/5
  1472 | D:3      | Noticed GsBirdie's ghost (amateur MiBe)
  1483 | D:3      | Gained mutation: You are resistant to hostile enchantments. (MR+) [potion of mutation]
  1483 | D:3      | Gained mutation: You are partially covered in large bone plates. (SH +4) [potion of mutation]
  1485 | D:3      | Slain by GsBirdie's ghost

Vault maps used:
D:1:      evilmike_arrival_crescent, minmay_misc_feat_hallway
D:2:      overflow_temple_1_default, grunt_temple_overflow_open
D:3:      makhleb_blood_cavern_becter, uniq_sigmund, uniq_iyjb

Skill      XL: |  1  2  3 |
---------------+----------+-----
Unarmed Combat | 4 5 |  5.4
Fighting       | |  1.7
Throwing       | |  1.7
Dodging        | |  2.4

Action                   |  1- 3 |  4- 6 || total
-------------------------+-------+-------++-------
Melee: Unarmed           |    98 |    12 ||   110
       Bite              |    24 |     6 ||    30
       Punch             |     2 |       ||     2
  Use: Potion            |       |     5 ||     5
 Stab: Sleeping          |     1 |       ||     1
  Eat: Chunk             |       |     1 ||     1
Armor: Leather armour    |    18 |     5 ||    23
Dodge: Dodged            |    75 |    11 ||    86
